 Dungeon Crawl Stone Soup version 0.31-a0-232-gb1c03b2570 (webtiles) character file.

Game seed: 12258463286018166353

12184 Iniera the Carver (level 11, -5/69 HPs)
             Began as a Tengu Gladiator on July 7, 2023.
             Was a High Priest of Zin.
             Slain by a blink frog (9 damage)
             ... on level 1 of the Lair of Beasts on July 8, 2023.
             The game lasted 00:18:24 (11170 turns).

Iniera the Carver (Tengu Gladiator)                Turns: 11170, Time: 00:18:25

Health: -5/69      AC: 12    Str: 18    XL:     11   Next: 89%
Magic:  18/18      EV: 25    Int: 12    God:    Zin [*****.]
Gold:   559        SH:  0    Dex: 22    Spells: 10/10 levels left

rFire   . . .        b - +4 scimitar
rCold   + . .        (no shield)
rNeg    . . .        x - +5 ring mail of Nisode {rElec Will+}
rPois   ∞            c - +0 hat
rElec   +            (no cloak)
rCorr   .            j - +0 pair of gloves
SInv    .            (boots unavailable)
Will    +....        q - amulet of faith
Stlth   +++          i - ring of protection from cold
HPRegen 0.31/turn    g - +5 ring of evasion
MPRegen 0.16/turn

%: faith
@: vitalised, flying quickly and evasively, quick
A: beak, talons 3, nimble flight
a: Renounce Religion, Recite, Vitalisation, Imprison, Sanctuary, Donate Gold


You were on level 1 of the Lair of Beasts.
You worshipped Zin.
Zin was extremely pleased with you.
You visited 3 branches of the dungeon, and saw 11 of its levels.
You also visited: Sewer.

You collected 661 gold pieces.
You spent 36 gold pieces at shops.
You donated 66 gold pieces to Zin.

Inventory:

Hand Weapons
 a - a +0 long sword of holy wrath
 b - a +4 scimitar (weapon)
 z - a +1 short sword of speed
Missiles
 d - 2 throwing nets
 e - 6 javelins
 k - 23 poisoned darts
Armour
 c - a +0 hat (worn)
 j - a +0 pair of gloves (worn)
 x - the +5 ring mail of Nisode (worn) {rElec Will+}
   (You found it on level 4 of the Dungeon)

   rElec:     It insulates you from electricity.
   Will:      It increases your willpower.
Jewellery
 g - a +5 ring of evasion (right hand)
 i - a ring of protection from cold (left hand)
 l - an amulet of regeneration
 o - a ring of willpower
 q - an amulet of faith (around neck)
 F - a +6 ring of strength
Wands
 s - a wand of mindburst (7)
 A - a wand of flame (21)
Scrolls
 h - 2 scrolls of revelation
 t - 7 scrolls of teleportation
 y - 2 scrolls of enchant weapon {unknown}
 D - a scroll of fog {unknown}
 E - 2 scrolls of noise {unknown}
 G - a scroll of vulnerability {unknown}
Potions
 f - 5 potions of curing
 m - 4 potions of heal wounds {unknown}
 n - a potion of ambrosia {unknown}
 u - 2 potions of haste
 v - 3 potions of cancellation {unknown}
 w - 2 potions of resistance {unknown}
 B - 3 potions of brilliance {unknown}
 C - 3 potions of mutation {unknown}
Miscellaneous
 r - a phial of floods


   Skills:
 + Level 8.9 Fighting
 + Level 11.3 Long Blades
 - Level 2.0 Throwing
 - Level 3.7 Armour
 - Level 8.6 Dodging
 + Level 5.6 Stealth
 * Level 8.4 Invocations


You had 10 spell levels left.
You didn't know any spells.
Your spell library contained the following spells:

 Spells                   Type           Power      Damage    Failure   Level
 Magic Dart               Conj           0%         1d3       50%         1
 Searing Ray              Conj           0%         2d4       65%         2
 Call Canine Familiar     Summ           0%         N/A       86%         3
 Inner Flame              Hex/Fire       0%         N/A       86%         3
 Portal Projectile        Hex/Tloc       0%         N/A       86%         3
 Fulminant Prism          Conj/Hex       0%         3d5       99%         4
 Leda's Liquefaction      Hex/Erth       0%         N/A       99%         4
 Yara's Violent Unravell  Hex/Tmut       0%         3d3       100%        5
 Enfeeble                 Hex            0%         N/A       100%        7


Dungeon Overview and Level Annotations

Branches:
Dungeon (9/15)             Temple (1/1) D:6            Lair (1/5) D:8
  Sewer (visited)
    Orc: D:9-12

Altars:
Ashenzari
Cheibriados
Gozag
Hepliaklqana
Makhleb
Nemelex Xobeh
Qazlal
Ru
Sif Muna
Trog
Uskayaw
Vehumet
Wu Jian
Xom
Yredelemnul
Zin

Shops:
D:7 *

Annotations:
D:6 3 runed translucent doors, Newt's ghost, amateur KoHu


Innate Abilities, Weirdness & Mutations

You have a beak for a mouth.
You have claws for feet.
Your magical nature lets you fly swiftly and evasively.


Message History

The blink frog is severely wounded.
The blink frog completely misses you. x2
You slash the blink frog!
You kill the blink frog!
The blink frog completely misses you.
You closely miss the blink frog.
The blink frog blinks! x2
Found a stone staircase leading down.
The komodo dragon bites you!! The blink frog barely misses you.
There's no appreciative audience!
Unknown command.
Unknown command.
You are too injured to fight recklessly!
You slash the komodo dragon! Your kick misses the komodo dragon.
You peck the komodo dragon.
The komodo dragon is heavily wounded.
The komodo dragon misses you.
The blink frog blinks!
You hit the komodo dragon but do no damage.
You claw the komodo dragon, but do no damage.
The komodo dragon is heavily wounded.
The komodo dragon completely misses you.
You hit the komodo dragon. Your kick misses the komodo dragon.
The komodo dragon is heavily wounded.
The blink frog misses you.
The blink frog blinks!
The komodo dragon completely misses you.
You closely miss the komodo dragon. You peck the komodo dragon.
The komodo dragon is heavily wounded.
The blink frog misses you.
You slash the komodo dragon!
You claw the komodo dragon, but do no damage.
You peck the komodo dragon.
The komodo dragon is almost dead.
The blink frog closely misses you.
The komodo dragon bites you but does no damage.
The blink frog hits you!
You closely miss the komodo dragon. Your kick misses the komodo dragon.
The komodo dragon is almost dead.
The blink frog blinks!
The komodo dragon bites you!!
* * * LOW HITPOINT WARNING * * *
The blink frog hits you!
You die...

#...###.#...###
#....†....##
##.......## .
###.#.>.### ..#
#P..#.###
....## ##..####
......# #..##
......F##..#
......l@..##
.......†...#
..F.......##
..........#
>!.........
.§..........
.............
.............#


You could see a komodo dragon and 2 blink frogs.

Vanquished Creatures
  A boulder beetle (D:9)
  A tengu warrior (D:9)
  2 two-headed ogres (D:9)
  2 manticores
  3 elephants
  A black mamba (Lair:1)
  2 cane toads (Lair:1)
  3 komodo dragons
  A hornet (D:8)
  Prince Ribbit (D:8)
  A blink frog (Lair:1)
  A yak (D:9)
  A shadow (D:9)
  Menkaure (D:6)
  Edmund (D:3)
  An acid dragon (D:9)
  7 water moccasins
  A black bear (D:7)
  2 sky beasts
  7 orc warriors
  2 ogres
  An ice beast (D:5)
  2 centaurs
  3 kobold brigands
  2 phantoms
  2 gnoll sergeants
  4 bullfrogs
  2 scorpions
  24 wights
  5 killer bees
  3 orc priests
  A gnoll bouda (D:9)
  4 hounds
  4 iguanas
  2 orc wizards
  12 adders
  3 gnolls (D:6)
  11 river rats (Sewer)
  A white imp (D:8)
  A worm (D:3)
  24 orcs
  3 bats
  2 endoplasms
  4 giant cockroaches
  9 goblins
  7 hobgoblins
  4 jackals (D:4)
  34 kobolds
  3 quokkas
  12 ball pythons
  2 frilled lizards
  28 rats
261 creatures vanquished.

Vanquished Creatures (collateral kills)
  A jelly (D:6)
  2 orcs (D:6)
3 creatures vanquished.

Vanquished Creatures (others)
  A gnoll (D:6)
1 creature vanquished.

Grand Total: 265 creatures vanquished

Notes
Turn   | Place    | Note
-------+----------+-------------------------------------------
     0 | D:1      | Iniera the Tengu Gladiator began the quest for the Orb.
     0 | D:1      | Reached XP level 1. HP: 12/12 MP: 2/2
   268 | D:1      | Reached XP level 2. HP: 17/17 MP: 3/3
   668 | D:1      | Reached skill level 4 in Long Blades
   875 | D:2      | Reached XP level 3. HP: 18/21 MP: 4/4
  1526 | D:3      | Found a glowing drain.
  1538 | D:3      | Reached XP level 4. HP: 17/26 MP: 5/5
  1542 | Sewer    | Entered a sewer
  1683 | Sewer    | Reached skill level 5 in Long Blades
  1907 | Sewer    | Gained mutation: Your magical nature lets you fly swiftly
                  | and evasively. [Tengu growth]
  1907 | Sewer    | Reached XP level 5. HP: 23/30 MP: 6/6
  2190 | Sewer    | Reached skill level 6 in Long Blades
  2401 | D:3      | Reached XP level 6. HP: 34/35 MP: 7/7
  2699 | D:3      | Reached skill level 5 in Dodging
  3000 | D:4      | Identified the +5 ring mail of Nisode {rElec Will+}
  3123 | D:4      | Noticed Edmund
  3273 | D:5      | Entered Level 5 of the Dungeon
  3286 | D:4      | Reached skill level 7 in Long Blades
  3361 | D:4      | Reached XP level 7. HP: 34/40 MP: 8/8
  3679 | D:3      | Killed Edmund
  3989 | D:4      | Found a radiant altar of Vehumet.
  4458 | D:5      | Reached skill level 8 in Long Blades
  4458 | D:5      | Reached XP level 8. HP: 45/45 MP: 9/9
  5162 | D:6      | Identified the +0 ring mail of Kuacvih {*Corrode +Blink
                  | Regen+ Int+3}
  5612 | D:6      | Found a staircase to the Ecumenical Temple.
  5688 | Temple   | Entered the Ecumenical Temple
  5745 | Temple   | Became a worshipper of Zin the Law-Giver
  5745 | Temple   | Reached * piety under Zin
  5745 | Temple   | Reached ** piety under Zin
  5917 | D:7      | Reached skill level 9 in Long Blades
  5917 | D:7      | Reached XP level 9. HP: 52/52 MP: 10/10
  5942 | D:7      | Reached skill level 5 in Fighting
  6891 | D:6      | Noticed Menkaure
  6896 | D:6      | Killed Menkaure
  6897 | D:6      | Reached skill level 10 in Long Blades
  7025 | D:6      | Found a runed translucent gate.
  7026 | D:6      | Found a runed translucent gate.
  7027 | D:6      | Found a runed translucent gate.
  7033 | D:6      | Noticed Newt's ghost (amateur KoHu)
  7035 | D:6      | Identified the +7 plate armour of the Orb {Harm rN+}
  7200 | D:7      | Found Pixorch's General Store.
  7208 | D:7      | Bought a potion of curing for 36 gold pieces
  7333 | D:7      | Reached skill level 1 in Armour
  7333 | D:7      | Reached skill level 1 in Invocations
  7643 | D:7      | Found a burning altar of Makhleb.
  7962 | D:8      | Reached *** piety under Zin
  8087 | D:8      | Identified the +0 robe of the Heavens {Rampage rPois rF-
                  | rC+ Dex+3}
  8108 | D:8      | Noticed Prince Ribbit
  8125 | D:8      | Killed Prince Ribbit
  8126 | D:8      | Reached XP level 10. HP: 58/61 MP: 10/13
  8688 | D:8      | Noticed a manticore
  8701 | D:8      | Killed a manticore
  8702 | D:8      | Reached skill level 1 in Stealth
  8702 | D:8      | Reached skill level 5 in Invocations
  8779 | D:8      | Found a basalt altar of Yredelemnul.
  8869 | D:8      | Reached **** piety under Zin
  8955 | D:8      | Found a staircase to the Lair.
  9115 | Lair:1   | Entered Level 1 of the Lair of Beasts
  9115 | Lair:1   | Noticed an elephant
  9115 | Lair:1   | Noticed an elephant
  9115 | Lair:1   | Noticed an elephant
  9131 | D:8      | Killed an elephant
  9161 | D:8      | Killed an elephant
  9269 | Lair:1   | Killed an elephant
  9283 | Lair:1   | Noticed a cane toad
  9289 | Lair:1   | Killed a cane toad
  9290 | Lair:1   | Reached XP level 11. HP: 68/68 MP: 16/16
  9897 | D:9      | Noticed a two-headed ogre
  9904 | D:9      | Killed a two-headed ogre
 10068 | D:9      | Reached ***** piety under Zin
 10087 | D:9      | Noticed a boulder beetle
 10103 | D:9      | Noticed a two-headed ogre
 10110 | D:9      | Killed a boulder beetle
 10113 | D:9      | Killed a two-headed ogre
 10114 | D:9      | Reached skill level 11 in Long Blades
 10241 | D:9      | Noticed a two-headed ogre
 10315 | D:9      | Noticed a tengu warrior
 10317 | D:9      | Noticed a manticore
 10334 | D:9      | Noticed a centaur warrior
 10337 | D:9      | Noticed a deep elf pyromancer
 10339 | D:9      | Killed a tengu warrior
 10340 | D:9      | Reached skill level 5 in Stealth
 10346 | D:9      | Noticed a deep elf pyromancer
 10358 | D:9      | Killed a manticore
 11106 | Lair:1   | Identified the +2 leather armour of the Sea {rN+}
 11170 | Lair:1   | Slain by a blink frog

Illustrated notes

Levels and vault maps discovered:
D:1:      grunt_arrival_lava_bath, layout_loops_corners, minmay_tetromino_t2
D:2:      layout_loops_ring
D:3:      layout_loops_ring, cheibrodos_sewer_entry_drain, saegor_snake_ambush
D:4:      layout_loops_ring, nicolae_overflow_hidden_temple,
          minmay_misc_feat_pillars, uniq_edmund
D:5:      layout_cave_pods
D:6:      minmay_diamond_boxcup, layout_basic, biasface_ghost_orc_armoury,
          uniq_menkaure
D:7:      layout_layer_cave, lemuel_coloured_pillars_altar, serial_shops,
          nicolae_shop_advertising_works [nicolae_subvault_shop_adworks]
D:8:      layout_loops_corners, kennysheep_mini_moat, david_lair_shrubbed,
          uniq_prince_ribbit1
D:9:      minmay_the_grid_4x2 [minmay_the_grid_tiny_cups, minmay_the_grid_eight,
          minmay_the_grid_dragon_a, minmay_the_grid_medium_cups,
          minmay_the_grid_minigrid_large, minmay_the_grid_mess,
          minmay_the_grid_gridbox, minmay_the_grid_prize_inner_circle],
          layout_basic
Temple:   cyrus_circular_temple
Lair:1:   layout_cave_pods, grunt_megastairs_5

Skill      XL: |  1  2  3  4  5  6  7  8  9 10 11 |
---------------+----------------------------------+-----
Long Blades    | 4 5 6 7 8 9 10 11 | 11.3
Dodging        | 4 5 6 8 |  8.6
Fighting       | 4 6 7 8 |  8.9
Armour         | 2 3 |  3.7
Invocations    | 3 6 8 |  8.4
Stealth        | 3 5 |  5.6
Throwing       | |  2.0

Action                     |  1- 3 |  4- 6 |  7- 9 | 10-12 || total
---------------------------+-------+-------+-------+-------++-------
  Melee: Long sword        |    73 |   164 |   115 |    52 ||   404
         Peck              |    13 |    20 |    90 |    91 ||   214
         Kick              |    13 |    45 |   123 |   122 ||   303
         Punch             |     1 |     1 |     5 |     3 ||    10
         Short sword       |       |       |   241 |    55 ||   296
         Scimitar          |       |       |       |   221 ||   221
  Throw: Throwing net      |       |       |       |     2 ||     2
 Invoke: Recite            |       |       |     4 |     2 ||     6
         Vitalisation      |       |       |     2 |    11 ||    13
  Evoke: Wand              |       |       |     4 |     3 ||     7
    Use: Scroll            |       |     9 |     2 |     4 ||    15
         Potion            |       |       |     1 |       ||     1
   Stab: Distracted        |       |       |     1 |       ||     1
         Confused          |       |       |       |     3 ||     3
         Held in net/web   |       |       |       |     1 ||     1
         Sleeping          |       |       |       |     1 ||     1
 Armour: Ring mail         |    24 |    63 |    44 |    48 ||   179
         Leather armour    |     1 |       |       |       ||     1
  Dodge: Dodged            |    35 |   151 |   231 |   311 ||   728

Table legend: (Time is in decaauts)
 A = Elapsed time spent in this place.
 B = Non-inter-level travel time spent in this place.
 C = Inter-level travel time spent in this place.
 D = Time resting spent in this place.
 E = Time spent auto-exploring this place.
 F = Levels seen in this place.
 G = Mean time per level.
                   A        B        C        D        E       F      G
               +--------+--------+--------+--------+--------+-----+--------+
         Total |  10417 |   9794 |    623 |    988 |   6936 |  12 |  868.1 |
       Dungeon |   8853 |   8300 |    553 |    767 |   6053 |   9 |  983.7 |
        Temple |     62 |     39 |     23 |      0 |     30 |   1 |   62.0 |
          Lair |    743 |    697 |     46 |    160 |    424 |   1 |  743.0 |
         Sewer |    758 |    758 |      0 |     61 |    426 |   1 |  758.0 |
               +--------+--------+--------+--------+--------+-----+--------+

Top non-repeatable levels by time:
     D:8: 1577 daAuts
     D:6: 1276 daAuts
     D:7: 1253 daAuts
     D:4: 884 daAuts
     D:1: 871 daAuts
     D:5: 865 daAuts
     D:3: 789 daAuts
   Sewer: 758 daAuts
  Lair:1: 743 daAuts
     D:9: 692 daAuts
     D:2: 641 daAuts
  Temple: 62 daAuts
